Map: Tropic Shores

Players

Relm

  • Race: Protoss Protoss
  • League: Gold
  • Spawn Location: 12:00

ChrisCraftII

  • Race: Zerg Zerg
  • League: Silver
  • Spawn Location: 11:00

Moxie

  • Race: Zerg Zerg
  • League: Silver
  • Spawn Location: 12:00

StyeEZ

  • Race: Protoss Protoss
  • Spawn Location: 0:00

Bitcoin - Winner!

  • Race: Zerg Zerg
  • Spawn Location: 6:00

Athalius - Winner!

  • Race: Zerg Zerg
  • League: Platinum
  • Spawn Location: 5:00

JaySlays - Winner!

  • Race: Protoss Protoss
  • Spawn Location: 6:00

Wolf - Winner!

  • Race: Terran Terran
  • League: Diamond
  • Spawn Location: 5:00

VOD

Have the link to the VOD?

Description

Time

  • Played on: April 16, 2018, 10:27 p.m.
  • Length: 12:38
Show
View Real Time Build Order
Export as new Build Order

Relm Protoss 

Build Orders:  

Get SALT Encoding   

  12  0:01  Probe (Chrono Boost)  
  13  0:11  Probe (Chrono Boost)  
  14  0:19  Pylon  
  14  0:26  Probe  
  15  0:30  Assimilator  
  15  0:38  Probe  
  16  0:53  Gateway  
  16  0:56  Probe  
  17  1:05  Gateway  
  17  1:09  Probe  
  18  1:17  Assimilator  
  18  1:22  Pylon  
  18  1:25  Probe  
  19  1:40  Cybernetics Core  
  19  1:43  Probe, Zealot (Chrono Boost)  
  22  1:58  Forge  
  22  1:59  Pylon  
  22  2:01  Probe  
  23  2:09  Zealot  
  25  2:15  Probe  
  26  2:27  Zealot  
  28  2:31  Warp Gate (Chrono Boost)  
  28  2:36  Gateway  
  28  2:42  Stalker  
  30  2:49  Protoss Ground Weapons Level 1  
  30  2:58  Stalker  
  32  3:12  Stalker  
  34  3:28  Robotics Facility  
  34  3:33  Pylon  
  34  3:40  Photon Cannon  
  34  4:14  Nexus  
  34  4:20  Pylon  
  34  4:24  Probe (Chrono Boost)  
  35  4:34  Observer  
  35  4:35  Probe (Chrono Boost)  
  37  4:50  Twilight Council  
  37  4:53  Pylon  
  37  4:56  Pylon, Protoss Ground Armor Level 1 (Chrono Boost)  
  37  4:59  Probe  
  35  5:46  Stalker x3  
  37  6:09  Probe x2 (Chrono Boost)  
  41  6:19  Probe (Chrono Boost)  
  41  6:21  Probe (Chrono Boost)  
  41  6:24  Probe (Chrono Boost)  
  41  6:25  Stalker x2  
  41  6:26  Stalker  
  41  6:31  Probe (Chrono Boost)  
  41  6:32  Observer  
  50  6:34  Charge  
  50  6:38  Probe (Chrono Boost)  
  53  6:47  Probe x2 (Chrono Boost)  
  48  7:24  Probe (Chrono Boost)  
  48  7:35  Probe (Chrono Boost)  
  50  7:42  Probe (Chrono Boost)  
  50  7:43  Immortal  
  55  7:44  Probe (Chrono Boost)  
  55  7:49  Probe (Chrono Boost)  
  55  7:50  Gateway  
  56  7:53  Gateway  
  56  8:08  Zealot x3  
  58  8:37  Protoss Ground Weapons Level 2 (Chrono Boost)  
  58  8:40  Blink  
  40  8:42  Immortal  
  40  8:48  Forge  
  42  8:49  Forge  
  38  8:58  Assimilator  
  38  9:04  Stalker x3, Assimilator  
  44  9:18  Protoss Ground Armor Level 2 (Chrono Boost)  
  44  9:19  Protoss Shields Level 1 (Chrono Boost)  
  44  9:25  Immortal (Chrono Boost)  
  48  9:41  Pylon  
  48  9:44  Probe (Chrono Boost)  
  49  9:55  Probe (Chrono Boost)  
  49  9:59  Probe (Chrono Boost)  
  51  10:09  Zealot x5  
  61  10:41  Immortal  
  65  10:48  Zealot x3  
  65  10:49  Zealot x2  
  53  11:22  Zealot x5  
  18  12:02  Stalker x2  
  18  12:03  Stalker  
Show
View Real Time Build Order
Export as new Build Order

ChrisCraftII Zerg 

Build Orders: Hatch First 

Get SALT Encoding   

  12  0:01  Drone  
  13  0:13  Overlord  
  13  0:18  Drone  
  14  0:58  Hatchery  
  14  1:01  Spawning Pool  
  12  1:04  Drone  
  13  1:25  Drone x3  
  16  1:32  Extractor  
  15  1:41  Drone  
  16  1:51  Queen  
  18  2:07  Drone x2  
  20  2:38  Queen  
  20  2:40  Drone  
  20  2:41  Drone x2  
  20  2:42  Drone x2  
  20  2:43  Drone  
  28  2:54  Overlord  
  28  3:07  Overlord  
  28  3:10  Overlord  
  28  3:12  Overlord, Queen  
  28  3:16  Drone x3  
  33  3:23  Extractor  
  32  3:36  Drone x7  
  39  4:05  Hatchery  
  39  4:08  Lair  
  38  4:12  Evolution Chamber  
  38  4:15  Evolution Chamber  
  36  4:20  Roach Warren  
  35  4:27  Drone x6  
  35  4:28  Drone x4  
  45  4:39  Drone x4  
  45  4:40  Drone  
  50  4:45  Zerg Melee Weapons Level 1  
  50  4:49  Zerg Missile Weapons Level 1  
  50  4:55  Drone x3  
  50  4:59  Drone x2  
  54  5:00  Drone  
  39  5:07  Overseer  
  27  5:44  Roach x3  
  27  5:45  Roach x5  
  43  5:57  Drone  
  39  6:44  Drone x5  
  39  6:46  Zerg Melee Weapons Level 2  
  44  6:47  Zerg Missile Weapons Level 2  
  44  6:52  Hatchery  
  43  7:02  Overlord x2  
  43  7:05  Overlord  
  43  7:20  Queen  
  45  7:36  Drone  
  45  7:37  Drone x2  
  48  7:45  Glial Reconstitution  
  48  7:50  Drone x3  
  51  7:59  Drone  
  52  8:06  Drone  
  53  8:16  Drone x4  
  57  8:24  Extractor  
  56  8:28  Roach x2  
  60  8:39  Drone  
  60  8:40  Drone x4  
  65  8:47  Extractor  
  64  8:49  Drone  
  59  9:05  Roach x6  
  59  9:06  Roach x2  
  69  9:21  Roach  
  69  9:22  Roach  
  73  9:27  Overlord x4  
  73  9:39  Overlord x5  
  67  9:58  Overseer  
  53  10:11  Roach x9  
  53  10:14  Roach  
  73  10:20  Roach  
  75  10:26  Roach x3  
  77  10:42  Hydralisk Den  
  53  11:10  Roach x2  
  53  11:11  Roach x6  
  54  11:12  Roach x5  
  58  11:31  Drone  
  53  11:40  Roach x4  
  53  11:41  Roach x5  
  63  11:47  Roach  
  63  11:57  Roach  
  63  12:01  Drone  
  54  12:22  Hatchery  
Show
View Real Time Build Order
Export as new Build Order

Moxie Zerg 

Build Orders: Hatch First 

Get SALT Encoding   

  12  0:01  Drone  
  13  0:08  Drone  
  14  0:45  Hatchery  
  13  0:50  Drone, Overlord  
  14  1:03  Spawning Pool  
  13  1:08  Drone  
  15  1:11  Drone  
  15  1:14  Drone  
  16  1:18  Extractor  
  16  1:23  Drone  
  16  1:36  Drone  
  17  1:46  Drone  
  18  1:48  Extractor  
  17  1:55  Drone, Roach Warren  
  17  1:59  Queen  
  19  2:02  Drone  
  20  2:12  Queen  
  22  2:17  Drone  
  23  2:25  Drone x2  
  25  2:38  Lair  
  25  2:43  Drone  
  26  2:45  Drone  
  27  2:53  Drone  
  27  2:57  Overlord  
  28  3:06  Spine Crawler  
  27  3:13  Overlord  
  27  3:16  Drone x3  
  30  3:20  Overlord  
  30  3:26  Drone x2  
  32  3:29  Drone  
  33  3:36  Glial Reconstitution  
  33  3:51  Drone  
  33  3:52  Drone  
  33  3:55  Extractor  
  34  3:57  Drone x4  
  34  4:01  Spore Crawler  
  37  4:10  Overlord  
  37  4:16  Roach x2  
  37  4:17  Roach x2  
  45  4:18  Roach  
  45  4:20  Roach  
  49  4:27  Drone x3  
  49  4:29  Drone  
  53  4:33  Drone x2  
  55  4:46  Hydralisk Den  
  55  4:47  Drone x4  
  58  4:55  Evolution Chamber x2  
  58  4:57  Drone x2  
  58  5:06  Overseer x2  
  58  5:10  Overseer  
  58  5:13  Spore Crawler  
  57  5:15  Spine Crawler  
  56  5:53  Roach  
  56  5:54  Roach  
  56  5:55  Overlord x3  
  56  5:56  Overlord  
  60  5:59  Overlord x2  
  60  6:02  Extractor  
  60  6:03  Drone  
  60  6:14  Zerg Missile Weapons Level 1  
  60  6:15  Zerg Ground Armor Level 1  
  60  6:19  Hydralisk  
  60  6:20  Hydralisk x7  
  76  6:35  Drone  
  77  6:53  Infestation Pit  
  76  7:15  Hatchery  
  75  7:38  Hydralisk x5  
  75  7:39  Hydralisk x3  
  91  7:46  Overlord x3  
  91  7:54  Overlord x2  
  91  7:56  Drone x2  
  73  8:35  Zerg Missile Weapons Level 2  
  73  8:36  Zerg Ground Armor Level 2  
  61  8:48  Queen  
  61  8:52  Drone x3  
  66  8:56  Roach  
  66  8:57  Roach x2  
  66  8:59  Roach  
  66  9:00  Roach x4  
  82  9:03  Grooved Spines  
  82  9:30  Hive  
  82  9:31  Drone x2  
  82  9:32  Drone  
  82  9:33  Hydralisk x5  
  95  9:49  Extractor x2  
  93  9:59  Spore Crawler x2  
  91  10:02  Roach x7  
  91  10:04  Hydralisk  
  91  10:05  Hydralisk x5  
  111  10:14  Muscular Augments  
  98  10:58  Roach, Viper  
  98  10:59  Roach  
  44  11:33  Roach x2  
  44  11:34  Roach x3  
  47  11:43  Roach  
  47  11:44  Roach x7  
  47  11:46  Queen  
Show
View Real Time Build Order
Export as new Build Order

StyeEZ Protoss 

Build Orders: Oracle Opening 

Get SALT Encoding   

  12  0:04  Probe  
  13  0:15  Pylon  
  13  0:19  Probe  
  14  0:31  Probe (Chrono Boost)  
  15  0:41  Gateway  
  15  0:42  Probe (Chrono Boost)  
  16  0:47  Probe (Chrono Boost), Assimilator  
  17  0:59  Probe  
  18  1:06  Assimilator  
  18  1:11  Probe  
  18  1:12  Pylon  
  19  1:23  Probe  
  20  1:35  Cybernetics Core  
  20  1:36  Gateway  
  20  1:39  Probe  
  21  1:56  Pylon  
  21  1:58  Probe  
  22  2:05  Pylon  
  22  2:10  Probe  
  22  2:11  Stalker  
  25  2:24  Stalker  
  27  2:33  Stargate  
  27  2:34  Warp Gate  
  27  2:46  Stalker  
  29  3:17  Nexus  
  29  3:20  Stalker  
  31  3:38  Pylon  
  31  3:52  Pylon  
  31  3:55  Stalker  
  33  3:56  Stalker  
  33  3:59  Oracle  
  38  4:22  Probe (Chrono Boost)  
  39  4:27  Stalker  
  43  4:32  Probe (Chrono Boost)  
  43  4:34  Probe (Chrono Boost)  
  43  4:37  Probe (Chrono Boost)  
  43  4:42  Probe (Chrono Boost)  
  47  4:52  Stalker  
  47  4:53  Probe (Chrono Boost)  
  47  4:54  Probe (Chrono Boost)  
  47  4:58  Probe (Chrono Boost)  
  49  5:00  Probe (Chrono Boost), Stargate  
  51  5:08  Probe  
  42  5:37  Void Ray  
  42  5:59  Void Ray  
  42  6:02  Stalker  
  42  6:03  Stalker  
  39  6:20  Void Ray  
  43  7:02  Void Ray  
  43  7:03  Void Ray  
  43  7:05  Probe  
  52  7:17  Probe  
  53  7:29  Probe  
  54  7:41  Probe  
  55  7:44  Void Ray  
  59  7:55  Oracle  
  58  10:09  Void Ray x2  
  63  10:16  Probe (Chrono Boost)  
  63  10:17  Stargate  
  64  10:24  Probe (Chrono Boost)  
  64  10:27  Probe (Chrono Boost)  
  64  10:28  Assimilator  
  66  10:32  Probe (Chrono Boost), Assimilator  
  66  10:34  Probe (Chrono Boost)  
  68  10:36  Probe (Chrono Boost)  
  69  10:48  Probe  
  57  12:02  Probe  
Show
View Real Time Build Order
Export as new Build Order

Bitcoin Zerg - Winner!

Build Orders: Hatch First 

Get SALT Encoding   

  12  0:01  Drone  
  13  0:11  Drone  
  14  0:42  Overlord  
  14  0:51  Hatchery  
  13  1:01  Drone x3  
  16  1:12  Drone  
  17  1:26  Spawning Pool  
  17  1:30  Drone  
  17  1:42  Drone  
  18  1:53  Drone  
  19  2:03  Drone  
  19  2:04  Drone  
  19  2:07  Drone  
  22  2:16  Drone  
  22  2:17  Drone  
  24  2:26  Drone  
  25  2:33  Drone  
  25  2:35  Queen  
  25  2:36  Overlord  
  28  2:50  Extractor  
  27  2:54  Queen  
  27  2:57  Drone x2  
  27  2:58  Drone x2  
  33  3:00  Overlord  
  33  3:19  Extractor  
  32  3:26  Extractor x2  
  30  3:28  Drone  
  30  3:29  Drone x3  
  34  3:35  Zergling x4  
  36  3:50  Lair  
  36  3:56  Zergling x6  
  36  4:00  Zergling x6  
  42  4:17  Evolution Chamber  
  41  4:20  Evolution Chamber  
  41  4:24  Evolution Chamber, Zergling x10  
  41  4:26  Metabolic Boost  
  41  4:27  Overlord  
  41  4:28  Overlord  
  44  4:39  Spore Crawler  
  44  4:44  Drone  
  44  4:45  Overlord  
  44  4:50  Drone x4  
  44  4:51  Drone  
  49  5:00  Drone, Hatchery  
  49  5:01  Drone  
  49  5:06  Queen  
  52  5:10  Drone  
  52  5:11  Drone  
  54  5:28  Drone x6  
  55  5:35  Zerg Melee Weapons Level 1  
  57  5:51  Drone  
  57  5:52  Drone x6  
  64  6:05  Zerg Ground Armor Level 1, Hydralisk Den  
  64  6:07  Zerg Missile Weapons Level 1  
  63  6:13  Infestation Pit  
  62  6:30  Zergling x2  
  62  6:31  Zergling x16  
  71  6:37  Extractor  
  70  6:44  Extractor  
  69  6:47  Spore Crawler  
  69  6:52  Spore Crawler, Muscular Augments  
  69  6:53  Hydralisk x3  
  73  6:55  Overlord  
  62  7:15  Drone x6  
  68  7:16  Hydralisk x2  
  68  7:17  Hydralisk  
  74  7:47  Hydralisk  
  74  7:48  Hydralisk x2  
  74  7:50  Overlord x3  
  80  7:51  Drone  
  80  7:58  Zerg Melee Weapons Level 2  
  81  8:03  Grooved Spines  
  63  8:38  Hydralisk x6  
  63  8:39  Hydralisk x9  
  91  9:01  Overlord x3  
  91  9:19  Queen  
  95  9:26  Zerg Ground Armor Level 2, Zerg Missile Weapons Level 2  
  88  9:54  Zergling x2  
  88  9:55  Zergling x24  
  101  10:11  Spore Crawler x2  
  99  10:33  Hive  
  80  11:07  Hydralisk  
  80  11:08  Hydralisk x13  
  102  11:18  Zergling x8  
  94  11:41  Drone  
  94  11:42  Drone x13  
  94  11:43  Drone x2  
  94  11:46  Overseer  
  94  11:49  Pneumatized Carapace  
  92  12:22  Extractor  
Show
View Real Time Build Order
Export as new Build Order

Athalius Zerg - Winner!

Build Orders: Pool First 

Get SALT Encoding   

  12  0:01  Drone  
  13  0:08  Drone  
  14  0:15  Extractor  
  14  0:17  Drone  
  14  0:34  Spawning Pool  
  13  0:38  Drone  
  14  0:46  Overlord  
  14  1:04  Drone x3  
  17  1:19  Drone  
  17  1:21  Queen  
  20  1:28  Drone  
  21  1:36  Overlord  
  21  1:59  Zergling x4  
  23  2:02  Hatchery  
  22  2:09  Drone  
  23  2:28  Zergling x2  
  23  2:29  Zergling x2  
  25  2:30  Zergling x4  
  25  2:34  Metabolic Boost  
  25  2:36  Lair  
  27  2:41  Overlord  
  27  2:55  Spore Crawler  
  27  2:56  Drone  
  27  2:58  Drone  
  28  3:01  Extractor  
  28  3:02  Drone  
  28  3:03  Drone  
  29  3:16  Drone  
  29  3:19  Queen  
  32  3:33  Evolution Chamber  
  31  3:37  Drone  
  31  3:38  Drone, Evolution Chamber  
  32  3:43  Drone  
  32  3:47  Drone  
  34  3:50  Drone  
  34  3:53  Drone  
  36  4:10  Nydus Network  
  35  4:21  Drone  
  35  4:22  Drone  
  35  4:23  Hydralisk Den  
  36  4:27  Spore Crawler  
  36  4:28  Drone  
  36  4:30  Drone  
  37  4:41  Drone x2  
  37  4:42  Drone  
  37  4:45  Drone  
  41  4:46  Drone  
  41  4:50  Drone  
  41  4:52  Drone  
  44  5:10  Overlord x3  
  44  5:19  Nydus Canal  
  44  5:23  Pneumatized Carapace  
  44  5:26  Burrow  
  44  5:28  Extractor  
  44  5:30  Extractor  
  36  6:06  Zergling x6  
  36  6:07  Zergling x8  
  36  6:11  Zerg Ground Armor Level 1  
  43  6:12  Zerg Missile Weapons Level 1  
  43  6:13  Drone x2  
  45  6:23  Drone  
  46  6:29  Drone  
  47  6:49  Nydus Canal  
  47  6:53  Drone  
  47  6:54  Drone x6  
  50  6:59  Muscular Augments  
  48  7:29  Hydralisk x4  
  49  7:30  Hydralisk x2  
  59  7:50  Hydralisk  
  59  7:51  Hydralisk, Infestation Pit  
  62  8:10  Overlord x3, Grooved Spines  
  62  8:14  Hatchery  
  61  8:21  Zerg Ground Armor Level 2  
  61  8:22  Zerg Missile Weapons Level 2  
  61  8:37  Hydralisk x2  
  61  8:38  Hydralisk x5  
  75  9:00  Hydralisk x2  
  74  9:08  Hydralisk x2  
  75  9:11  Overlord x2  
  73  9:26  Hydralisk x3  
  73  9:27  Hydralisk  
  81  9:40  Hive  
  81  9:55  Hydralisk x4  
  87  10:11  Hydralisk x2  
  87  10:12  Hydralisk  
  90  10:23  Hydralisk  
  90  10:24  Hydralisk  
  89  11:01  Spore Crawler  
  89  11:03  Spore Crawler  
  87  11:05  Drone x2  
  87  11:06  Drone  
  87  11:07  Extractor  
  85  11:15  Drone x3  
  86  11:29  Hydralisk x2  
  86  11:30  Hydralisk x3  
  86  12:13  Hydralisk x5  
  86  12:14  Hydralisk x2  
Show
View Real Time Build Order
Export as new Build Order

JaySlays Protoss - Winner!

Build Orders: Dark Templar Rush 

Get SALT Encoding   

  12  0:01  Probe  
  13  0:14  Probe  
  14  0:22  Pylon  
  14  0:26  Probe  
  15  0:30  Assimilator  
  15  0:40  Probe (Chrono Boost)  
  16  0:45  Gateway  
  16  0:52  Probe (Chrono Boost)  
  17  1:00  Probe (Chrono Boost)  
  18  1:06  Probe  
  19  1:18  Probe (Chrono Boost)  
  19  1:22  Assimilator  
  20  1:29  Pylon  
  20  1:30  Probe (Chrono Boost)  
  21  1:35  Probe (Chrono Boost), Cybernetics Core  
  22  1:45  Probe  
  23  2:01  Probe  
  24  2:13  Robotics Facility  
  24  2:16  Twilight Council  
  24  2:18  Probe  
  25  2:23  Warp Gate (Chrono Boost)  
  25  2:41  Gateway  
  25  2:44  Gateway x2  
  25  3:04  Dark Shrine  
  25  3:06  Warp Prism  
  27  3:15  Probe  
  28  3:22  Pylon  
  28  4:14  Pylon  
  28  4:18  Dark Templar x4  
  36  4:57  Dark Templar x2  
  36  4:59  Nexus  
  40  5:27  Dark Templar  
  36  5:47  Charge (Chrono Boost), Zealot x2  
  36  5:48  Zealot  
  36  6:02  Zealot  
  36  6:17  Zealot x2  
  36  6:18  Zealot  
  40  6:27  Probe  
  40  6:28  Probe  
  36  6:39  Probe  
  36  6:40  Probe, Stalker  
  36  6:41  Stalker x2  
  36  6:45  Shield Battery  
  39  6:51  Forge  
  36  6:59  Probe  
  34  7:10  Forge  
  34  7:11  Probe  
  35  7:22  Pylon  
  32  7:35  Stalker  
  32  7:36  Stalker  
  36  7:37  Probe x2  
  36  7:44  Protoss Ground Weapons Level 1  
  37  7:46  Protoss Ground Armor Level 1  
  37  7:49  Probe x2  
  39  8:01  Probe (Chrono Boost)  
  39  8:05  Pylon, Probe (Chrono Boost)  
  42  8:13  Probe (Chrono Boost)  
  41  8:20  Zealot  
  43  8:28  Dark Templar  
  41  8:40  Photon Cannon  
  36  8:57  Probe, Photon Cannon  
  37  9:08  Probe (Chrono Boost)  
  39  9:18  Probe (Chrono Boost)  
  39  9:23  Probe (Chrono Boost)  
  39  9:30  Photon Cannon  
  33  10:02  Stalker x3  
  36  10:11  Probe (Chrono Boost)  
  37  10:22  Probe (Chrono Boost)  
  37  10:27  Probe (Chrono Boost)  
  38  10:32  Templar Archives  
  38  10:37  Probe (Chrono Boost)  
  39  10:45  Probe (Chrono Boost)  
  40  10:57  Probe (Chrono Boost)  
  40  11:02  Probe (Chrono Boost), Photon Cannon  
  42  11:08  Probe (Chrono Boost)  
  44  11:12  Probe (Chrono Boost)  
  44  11:13  Probe (Chrono Boost)  
  44  11:18  Assimilator  
  45  11:19  Assimilator  
  45  11:21  Probe  
  46  11:26  High Templar x3  
  46  11:27  High Templar  
  46  11:30  Archon  
  46  11:31  Archon  
  54  11:37  Probe (Chrono Boost)  
  55  11:46  Probe (Chrono Boost)  
  57  11:48  Probe (Chrono Boost)  
  57  11:51  Probe (Chrono Boost)  
  58  11:57  Probe  
  59  12:05  Probe  
  60  12:09  Probe  
Show
View Real Time Build Order
Export as new Build Order

Wolf Terran - Winner!

Build Orders: Reaper Expand, MMM Bio 

Get SALT Encoding   

  12  0:00  SCV  
  13  0:12  SCV  
  14  0:22  Supply Depot  
  14  0:25  SCV  
  15  0:44  SCV  
  15  0:45  Barracks  
  16  0:51  Refinery  
  16  0:56  SCV  
  17  1:08  SCV  
  18  1:20  SCV  
  19  1:33  Reaper, Orbital Command  
  20  1:50  Command Center  
  20  2:00  SCV  
  21  2:06  Barracks  
  21  2:08  Barracks Reactor  
  21  2:14  SCV  
  22  2:21  Refinery  
  22  2:23  Supply Depot  
  22  2:26  SCV  
  23  2:38  Factory  
  23  2:44  SCV  
  23  2:45  Marine x2  
  26  2:53  Barracks Tech Lab  
  26  2:56  SCV  
  28  3:08  SCV, Orbital Command  
  28  3:14  Stimpack  
  28  3:20  SCV  
  28  3:26  Starport  
  29  3:27  Factory Reactor  
  29  3:33  SCV  
  30  3:34  Marine  
  30  3:36  Marine  
  30  3:40  Marine  
  33  3:47  SCV x2  
  35  3:52  Marine  
  35  3:54  Marine  
  37  3:58  Marine  
  37  3:59  SCV x2  
  40  4:11  SCV x2  
  40  4:12  Supply Depot  
  40  4:13  Marine x2  
  40  4:14  Medivac  
  46  4:23  Marine, Medivac  
  49  4:24  Supply Depot, SCV  
  49  4:25  SCV  
  49  4:30  Factory Reactor  
  51  4:31  Factory Tech Lab  
  51  4:32  Marine x2  
  51  4:36  SCV  
  51  4:37  SCV  
  55  4:41  Marine  
  56  4:50  Marine x2  
  56  4:51  SCV x2  
  60  4:57  Supply Depot  
  60  4:59  Marine  
  61  5:12  Marine x2  
  63  5:14  SCV x2  
  63  5:16  Siege Tank  
  63  5:17  Marine  
  69  5:24  Barracks  
  69  5:26  SCV, Engineering Bay  
  69  5:27  Barracks  
  69  5:28  SCV, Engineering Bay  
  71  5:31  Barracks  
  71  5:33  Supply Depot  
  69  6:32  Marine  
  70  6:34  Barracks Reactor x2  
  70  6:35  Barracks Tech Lab  
  70  6:38  Siege Tank  
  70  6:39  Medivac x2  
  77  6:40  SCV x2  
  77  6:45  Supply Depot x3  
  79  6:47  Refinery, Terran Infantry Weapons Level 1  
  79  6:48  Supply Depot  
  79  6:49  Refinery  
  79  6:52  Marine x3, SCV  
  79  6:53  SCV  
  84  6:58  Terran Infantry Armor Level 1  
  84  7:05  SCV x2  
  86  7:10  Supply Depot, Siege Tank  
  89  7:27  Marine x5  
  89  7:29  Marine, Marauder x2  
  99  7:33  Supply Depot  
  99  7:36  Combat Shields  
  99  7:38  Concussive Shells  
  83  7:45  Marine  
  83  7:50  SCV x2, Marauder  
  88  7:54  Supply Depot  
  88  7:59  Armory  
  88  8:00  Marine x4  
  88  8:01  Marine, Marauder  
  88  8:05  Siege Tank  
  98  8:09  Marine  
  98  8:11  Marauder  
  101  8:18  Marine x5  
  103  8:23  Marauder  
  105  8:39  Marine x7  
  112  8:44  Marauder  
  114  8:56  Marine  
  114  8:57  Marine x2, Terran Infantry Armor Level 2, Terran Infantry Weapons Level 2  
  114  8:58  Marauder  
  114  8:59  Medivac  
  121  9:05  Marauder  
  123  9:10  Medivac  
  123  9:19  Marauder  
  125  9:29  Medivac  
  125  9:30  Marine  
  125  9:31  Marine x6  
  134  9:40  Marine, Medivac  
  137  9:48  Marine  
  138  10:09  Medivac  
  138  10:10  Medivac  
  138  10:14  Marine x8, Siege Tank  
  153  10:31  Marine  
  154  10:46  Siege Tank  
  124  11:27  Marine  
  124  11:28  Marine x7  
  124  11:30  Siege Tank  
  135  11:45  Marine x7  
  135  11:46  Marine  
  140  12:02  Siege Tank  
  140  12:03  Marine x3  
  140  12:05  Marine  
  140  12:06  Marine x4  
Tags
 
Add a new tag
Caveats
  • Supply blocks, unpowered buildings, or Contaminate may cause inaccurate times.
  • Supply counts are checked every 10 seconds.